 Dungeon Crawl Stone Soup version 0.27-a0-1051-g288ea87c7c (webtiles) character file.

Game seed: 6864766782795876183

5813 robertstho the Cleaver (level 10, -6/91 HPs)
             Began as a Minotaur Berserker on Apr 20, 2021.
             Was an Elder of Trog.
             Mangled by a red ugly thing (10 damage)
             ... on level 8 of the Dungeon.
             The game lasted 00:08:14 (8321 turns).

robertstho the Cleaver (Minotaur Berserker)         Turns: 8321, Time: 00:08:15

Health: -6/91      AC: 12    Str: 25    XL:     10   Next: 51%
Magic:  9/9        EV: 12    Int:  5    God:    Trog [****..]
Gold:   352        SH:  0    Dex:  9    Spells: 9/9 levels left

rFire    + . .     SeeInvis .   x - +0 war axe
rCold    x . .     Faith    .   (no shield)
rNeg     . . .     Spirit   .   u - +0 swamp dragon scales
rPois    +         Reflect  .   (helmet restricted)
rElec    .         Harm     .   h - +0 cloak
rCorr    .         Rampage  .   k - +0 pair of gloves
Will     .....                  (no boots)
Stlth    +.........             (no amulet)
HPRegen  0.25/turn              j - ring of flight
MPRegen  0.11/turn              r - ring of fire

@: lethally poisoned (-6 -> -9), on berserk cooldown, flying, slowed, very slow
A: horns 2, retaliatory headbutt
a: Renounce Religion, Berserk, Trog's Hand, Brothers in Arms


You were on level 8 of the Dungeon.
You worshipped Trog.
Trog was greatly pleased with you.
You visited 1 branch of the dungeon, and saw 8 of its levels.

You collected 352 gold pieces.

Inventory:

Hand Weapons
 a - a +0 hand axe
 t - a +0 scimitar of flaming
 x - a +0 war axe (weapon)
Missiles
 w - 5 atropa-tipped darts
Armour
 h - a +0 cloak (worn)
 k - a +0 pair of gloves (worn)
 u - +0 swamp dragon scales (worn)
Jewellery
 j - a ring of flight (left hand)
 p - a ring of willpower
 r - a ring of fire (right hand)
Wands
 d - a wand of mindburst (9)
 s - a wand of acid (3)
 y - a wand of flame (23)
 z - a wand of digging (4)
Scrolls
 b - a scroll of fog {unknown}
 c - 2 scrolls of enchant weapon {unknown}
 f - 2 scrolls of amnesia {unknown}
 g - 3 scrolls of noise {unknown}
 i - a scroll of magic mapping
 o - 6 scrolls of teleportation {unknown}
 q - a scroll of fear {unknown}
 v - a scroll of enchant armour {unknown}
Potions
 e - 2 potions of lignification {unknown}
 l - 2 potions of heal wounds {unknown}
 m - 9 potions of curing
 n - a potion of cancellation


   Skills:
 + Level 9.2 Fighting
 + Level 12.5 Axes
 + Level 9.2 Armour
 + Level 6.2 Dodging
 + Level 2.6 Stealth


You had 9 spell levels left.
You didn't know any spells.
Your spell library was empty.

Dungeon Overview and Level Annotations

Branches:
Dungeon (8/15)             Temple (0/1) D:7
   Lair: D:8-11

Altars:
Cheibriados
Kikubaaqudgha
Okawaru
Uskayaw
Xom
Zin

Annotations:
D:4 2 transporters, Grognak's ghost, amateur MiFi


Innate Abilities, Weirdness & Mutations

You have a pair of horns on your head.
You reflexively headbutt those who attack you in melee.


Message History

The centaur shoots an arrow.
The arrow hits you!
The gnoll sergeant hits you from afar with a +1 spear of venom!
You slash the gargoyle!
The gargoyle is heavily damaged.
You feel sick.
You slice the gargoyle!!
You feel the power of Trog in you as your rage grows.
You destroy the gargoyle!
Trog accepts your kill.
You feel sick.
The centaur shoots an arrow.
The arrow hits you!
The gnoll sergeant hits you from afar with a +1 spear of venom.
You are more poisoned.
You feel very sick.
The boulder beetle curls into a ball and begins rolling!
The centaur shoots an arrow.
The arrow hits you!
You feel a strong urge to attack something.
You feel sick. The gnoll sergeant closely misses you.
The centaur shoots an arrow.
The arrow barely misses you.
You slice the red ugly thing!! You headbutt the red ugly thing!
The red ugly thing is heavily wounded.
You feel sick.
The boulder beetle stops rolling and uncurls.
The gnoll sergeant hits you but does no damage.
You hit the red ugly thing.
The red ugly thing is severely wounded.
You feel sick. The red ugly thing stings you.
* * * LOW HITPOINT WARNING * * *
You are engulfed in flames!
You resist.
* * * LOW HITPOINT WARNING * * *
Unknown command.
You feel sick.
You feel a strong urge to attack something.
You are no longer berserk.
You are exhausted.
You feel yourself slow down.
You feel sick.
You feel very sick.
You fail to use your ability.
You feel sick. The red ugly thing stings you.
* * * LOW HITPOINT WARNING * * *
You are engulfed in flames!
You resist.
You die...

#))# #.. .## ###).#
#.. ... #...## ###
Z.# .. #...# ....#ZC
.. ##...# ...5Bgc .#
)...## #####ggu##.#
##..#
####...####.#.#
#..###.........##..#
#..............@uc.#
#.........##########
###########


You could see a red ugly thing and a centaur.

Vanquished Creatures
  3 two-headed ogres
  A gargoyle (D:8)
  Maggie (D:6)
  Psyche (D:8)
  Eustachio (D:6)
  A wyvern (D:8)
  A steam dragon (D:7)
  A water moccasin (D:2)
  3 ice beasts
  3 necrophages
  3 orc warriors
  2 phantoms
  2 centaurs
  Blork the orc (D:6)
  A kobold brigand (D:7)
  2 bullfrogs
  A gnoll sergeant (D:8)
  A wyvern zombie (D:5)
  2 scorpions
  2 water moccasin skeletons
  2 centaur zombies
  3 jellies
  5 orc priests
  3 iguanas
  Terence (D:2)
  Crazy Yiuf (D:6)
  Natasha (twice) (D:2)
  7 orc wizards
  5 gnolls (D:8)
  6 adders
  A shadow imp (D:6)
  2 white imps (D:6)
  A worm (D:2)
  2 dart slugs
  28 orcs
  6 bats
  5 endoplasms
  5 giant cockroaches
  7 hobgoblins
  3 jackals (D:2)
  12 kobolds
  3 quokkas
  2 ball pythons (D:1)
  4 frilled lizards
  6 goblins
  4 rats
159 creatures vanquished.

Notes
Turn   | Place    | Note
-------+----------+-------------------------------------------
     0 | D:1      | robertstho the Minotaur Berserker began the quest for the
                  | Orb.
     0 | D:1      | Reached XP level 1. HP: 19/19 MP: 0/0
   305 | D:1      | Reached skill level 4 in Axes
   470 | D:1      | Reached XP level 2. HP: 23/27 MP: 1/1
   649 | D:1      | Found a faded altar of an unknown god.
   835 | D:1      | Reached ** piety under Trog
   984 | D:2      | Reached XP level 3. HP: 31/33 MP: 2/2
  1343 | D:2      | Reached XP level 4. HP: 32/41 MP: 3/3
  1429 | D:2      | Noticed Terence
  1439 | D:2      | Killed Terence
  1440 | D:2      | Reached skill level 5 in Axes
  1679 | D:2      | Reached XP level 5. HP: 46/47 MP: 4/4
  1771 | D:2      | Noticed a water moccasin
  1776 | D:2      | Killed a water moccasin
  1777 | D:2      | Reached skill level 1 in Stealth
  1906 | D:2      | Noticed Natasha
  1914 | D:2      | Killed Natasha
  1915 | D:2      | Reached skill level 6 in Axes
  1915 | D:2      | Reached XP level 6. HP: 49/55 MP: 5/5
  2035 | D:2      | Noticed Natasha
  2043 | D:2      | Killed Natasha
  2044 | D:2      | Reached skill level 5 in Fighting
  3266 | D:4      | Reached *** piety under Trog
  3294 | D:4      | Found a transporter.
  3296 | D:4      | Noticed Grognak's ghost (amateur MiFi)
  3303 | D:4      | Found a transporter.
  3755 | D:5      | Entered Level 5 of the Dungeon
  3960 | D:5      | Noticed a two-headed ogre
  3971 | D:5      | Killed a two-headed ogre
  3972 | D:5      | Reached skill level 8 in Axes
  3972 | D:5      | Reached skill level 5 in Armour
  3972 | D:5      | Reached XP level 7. HP: 42/64 MP: 6/6
  3972 | D:5      | Reached XP level 8. HP: 47/71 MP: 7/7
  4686 | D:5      | Reached skill level 5 in Dodging
  4759 | D:5      | Reached skill level 9 in Axes
  5566 | D:6      | Noticed Maggie
  5581 | D:6      | Killed Maggie
  5625 | D:6      | Found a hide-covered altar of Uskayaw.
  5631 | D:6      | Found a snail-covered altar of Cheibriados.
  5631 | D:6      | Found an ancient bone altar of Kikubaaqudgha.
  5636 | D:6      | Found a glowing silver altar of Zin.
  5637 | D:6      | Found a shimmering altar of Xom.
  5714 | D:6      | Reached XP level 9. HP: 74/79 MP: 8/8
  5823 | D:6      | Noticed Blork the orc
  5840 | D:6      | Killed Blork the orc
  6164 | D:6      | Reached skill level 10 in Axes
  6352 | D:6      | Noticed Eustachio
  6372 | D:6      | Killed Eustachio
  6378 | D:6      | Reached **** piety under Trog
  6703 | D:6      | Found a runed translucent door.
  6704 | D:6      | Noticed Crazy Yiuf
  6709 | D:6      | Killed Crazy Yiuf
  7125 | D:7      | Found an iron altar of Okawaru.
  7634 | D:7      | Reached skill level 11 in Axes
  7680 | D:7      | Found a staircase to the Ecumenical Temple.
  8037 | D:8      | Noticed a two-headed ogre
  8046 | D:8      | Killed a two-headed ogre
  8047 | D:8      | Reached XP level 10. HP: 90/90 MP: 9/9
  8169 | D:8      | Noticed Psyche
  8179 | D:8      | Killed Psyche
  8289 | D:8      | Noticed a two-headed ogre
  8292 | D:8      | Noticed a gargoyle
  8293 | D:8      | Noticed a cyclops
  8301 | D:8      | Noticed a boulder beetle
  8305 | D:8      | Reached skill level 12 in Axes
  8305 | D:8      | Noticed a red ugly thing
  8310 | D:8      | Killed a two-headed ogre
  8313 | D:8      | Killed a gargoyle
  8321 | D:8      | HP: 4/91 [red ugly thing (3)]
  8321 | D:8      | Mangled by a red ugly thing

Illustrated notes

Levels and vault maps discovered:
D:1:      shiori_shiawase, layout_basic, ebering_ecumenical_altar_sacrificial
D:2:      layout_loops_ring, uniq_natasha, uniq_terence
D:3:      layout_basic
D:4:      layout_loops_ring, gammafunk_ghost_smash
D:5:      layout_loops_corners
D:6:      layout_loops_ring, minitemple, uniq_blork_the_orc, uniq_eustachio,
          uniq_maggie, uniq_crazy_yiuf_cottage
D:7:      layout_loops_ring, lemuel_round_altar, minmay_temple_entry_poolview
D:8:      layout_basic, kennysheep_mini, minmay_pinched_square, uniq_psyche

Skill      XL: |  1  2  3  4  5  6  7  8  9 10 |
---------------+-------------------------------+-----
Axes           | 4 5 6 8 9 11 12 | 12.5
Fighting       | 4 6 7 8 9 |  9.2
Dodging        | 3 4 5 6 |  6.2
Stealth        | 1 2 |  2.6
Armour         | 5 7 8 9 |  9.2

Action                   |  1- 3 |  4- 6 |  7- 9 | 10-12 || total
-------------------------+-------+-------+-------+-------++-------
Melee: Hand axe          |    77 |   141 |   245 |       ||   463
       Headbutt          |    14 |    20 |    54 |     3 ||    91
       War axe           |       |       |    19 |    34 ||    53
Invok: Berserk           |     1 |     5 |     9 |     2 ||    17
  Use: Scroll            |       |     1 |     3 |       ||     4
 Stab: Sleeping          |     2 |       |       |       ||     2
Armor: Animal skin       |    13 |     1 |       |       ||    14
       Ring mail         |       |    23 |       |       ||    23
       Scale mail        |       |     8 |    31 |       ||    39
       Swamp dragon scal |       |       |    54 |     7 ||    61
Dodge: Dodged            |    51 |    73 |    98 |    10 ||   232

Table legend: (Time is in decaauts)
 A = Elapsed time spent in this place.
 B = Non-inter-level travel time spent in this place.
 C = Inter-level travel time spent in this place.
 D = Time resting spent in this place.
 E = Time spent auto-exploring this place.
 F = Levels seen in this place.
 G = Mean time per level.
                   A        B        C        D        E       F      G
               +--------+--------+--------+--------+--------+-----+--------+
         Total |   8405 |   8067 |    338 |    689 |   6353 |   8 | 1050.6 |
       Dungeon |   8405 |   8067 |    338 |    689 |   6353 |   8 | 1050.6 |
               +--------+--------+--------+--------+--------+-----+--------+

Top non-repeatable levels by time:
     D:5: 1848 daAuts
     D:2: 1226 daAuts
     D:6: 1202 daAuts
     D:1: 1118 daAuts
     D:7: 931 daAuts
     D:4: 811 daAuts
     D:3: 659 daAuts
     D:8: 607 daAuts
